 Dungeon Crawl Stone Soup version 0.23-a0-183-gf37f6fb (webtiles) character file.

279169 OJofSteel the Executioner (level 20, -18/193 HPs)
             Began as a Hill Orc Fighter on Sept 22, 2018.
             Was an Initiate of Gozag.
             Killed from afar by a deep elf sorcerer (39 damage)
             ... with damnation
             ... on level 3 of the Elven Halls.
             The game lasted 02:17:56 (46519 turns).

OJofSteel the Executioner (Hill Orc Fighter)       Turns: 46519, Time: 02:17:57

Health: -18/193    AC: 23    Str: 28    XL:     20   Next: 44%
Magic:  15/15      EV: 13    Int:  9    God:    Gozag
Gold:   6340       SH: 31    Dex: 14    Spells: 26/28 levels left

rFire    + . .     SeeInvis .   X - +2 broad axe (elec)
rCold    + . .     Gourm    .   J - +6 large shield "Isuu" {rN+ Int+5 Stlth-}
rNeg     + . .     Faith    .   u - +4 chain mail {MR+}
rPois    +         Spirit   .   v - +1 helmet
rElec    .         Reflect  +   b - scarf {repulsion}
rCorr    .         Harm     .   U - +2 pair of gloves
MR       ++...                  a - +0 pair of boots
Stlth    ..........             t - +2 amulet of reflection
HPRegen  0.42/turn              E - ring of the Locust {+Fly rF+ MP-9 Str+3}
MPRegen  0.14/turn              P - ring of the Swan {Wiz rPois rC+ Stlth+}

@: agile, corroded, hasted, studying Spellcasting, repel missiles, very quick
A: [clumsy 2], [dopey 2], low mp 1, [subdued magic 2]
}: 2/15 runes: serpentine, barnacled
a: Potion Petition, Call Merchant, Bribe Branch, Renounce Religion, Evoke Flight


You were on level 3 of the Elven Halls.
You worshipped Gozag.
Gozag was greatly pleased with you.
You were near starving.

You visited 6 branches of the dungeon, and saw 34 of its levels.
You visited the Abyss 2 times.
You also visited: Ossuary and Ice Cave.

You collected 15876 gold pieces.
You spent 1783 gold pieces at shops.
You paid 7753 gold pieces to Gozag.

Inventory:

Hand Weapons
 C - the cursed +2 dagger of Ashenzari's Favour {flame, MR++ Stlth-, unknown}
   (You found it on level 3 of the Abyss)

   It has been specially enchanted to burn those struck by it, causing extra
   injury to most foes and up to half again as much damage against particularly
   susceptible opponents.
   It affects your resistance to hostile enchantments.
   It makes you less stealthy.
   It has a curse placed upon it.
 K - a +4 war axe of electrocution
 M - the cursed +1 war axe of Diet Blood {vamp, *Rage +Blink rC+}
   (You bought it in a shop on level 2 of the Orcish Mines)

   It inflicts no extra harm, but heals its wielder when it wounds a living foe.
   It protects you from cold.
   It lets you blink.
   It may make you go berserk in combat.
   It has a curse placed upon it.
 R - a +0 broad axe
 X - a +2 broad axe of electrocution (weapon)
 Y - a +0 broad axe of freezing
Armour
 a - a +0 pair of boots (worn)
 b - a scarf of repulsion (worn)
 u - a +4 chain mail of magic resistance (worn)
 v - a +1 helmet (worn)
 J - the +6 large shield "Isuu" (worn) {rN+ Int+5 Stlth-}
   (You found it on level 9 of the Dungeon)

   It affects your intelligence (+5).
   It protects you from negative energy.
   It makes you less stealthy.
 U - a +2 pair of gloves (worn)
Jewellery
 o - a +1 ring of evasion {unknown}
 t - a +2 amulet of reflection (around neck)
 w - a +6 ring of strength
 E - the ring of the Locust (left hand) {+Fly rF+ MP-9 Str+3}
   (You bought it in a shop on level 13 of the Dungeon)

   [ring of protection from fire]

   It affects your strength (+3).
   It protects you from fire.
   It affects your magic capacity (-9).
   It lets you fly.
 P - the ring of the Swan (right hand) {Wiz rPois rC+ Stlth+}
   (You found it on level 3 of the Shoals)

   [ring of wizardry]

   It improves your spell success rate.
   It protects you from cold.
   It protects you from poison.
   It makes you more stealthy.
Wands
 j - a wand of digging (40)
 G - a wand of paralysis (18)
 Q - a wand of disintegration (10)
 T - a wand of polymorph (75)
Scrolls
 c - 2 scrolls of blinking
 e - a scroll of holy word
 g - 5 scrolls of fog
 h - 22 scrolls of teleportation
 k - 22 scrolls of remove curse
 m - 4 scrolls of identify
 n - 7 scrolls of enchant armour
 y - 5 scrolls of amnesia
 F - 9 scrolls of enchant weapon
 Z - 2 scrolls of fear
Potions
 d - 7 potions of curing
 i - 4 potions of heal wounds
 l - 2 potions of resistance
 p - 4 potions of degeneration
 q - 2 potions of ambrosia
 r - 9 potions of flight
 s - 2 potions of might
 x - 3 potions of agility
 z - 5 potions of lignification
 A - 3 potions of mutation
 B - 6 potions of cancellation
 D - 5 potions of berserk rage
 H - a potion of invisibility
 L - 3 potions of magic
 V - 2 potions of brilliance
Books
 N - a manual of Spellcasting
Comestibles
 f - 19 rations


   Skills:
 * Level 19.7 Fighting
 + Level 22.0 Axes
 * Level 18.3 Armour
 * Level 18.3 Shields
 + Level 4.6 Spellcasting
 + Level 2.9 Translocations
 + Level 8.0 Evocations


You had 26 spell levels left.
You knew the following spells:

 Your Spells              Type           Power        Failure   Level  Hunger
a - Blink                 Tloc           N/A          26%         2    ##.....

Your spell library contained the following spells:

 Spells                   Type           Power        Failure   Level  Hunger
 Apportation              Tloc           #.....       17%         1    #......
 Shroud of Golubria       Chrm/Tloc      #.........   43%         2    ##.....
 Gell's Gravitas          Tloc           #.........   45%         3    ###....
 Lesser Beckoning         Tloc           #.........   45%         3    ###....
 Teleport Other           Tloc           #.......     45%         3    ###....
 Confusing Touch          Hex            #.....       50%         1    #......
 Corona                   Hex            #......      50%         1    #......
 Magic Dart               Conj           #...         50%         1    #......
 Shock                    Conj/Air       #...         50%         1    #......
 Summon Butterflies       Summ           #.......     50%         1    #......
 Summon Small Mammal      Summ           #...         50%         1    #......
 Call Imp                 Summ           #.......     65%         2    ##.....
 Ensorcelled Hibernation  Hex/Ice        #.....       65%         2    ##.....
 Searing Ray              Conj           #.....       65%         2    ##.....
 Swiftness                Chrm/Air       #.......     65%         2    ##.....
 Call Canine Familiar     Summ           #.......     86%         3    ###....
 Confuse                  Hex            #.......     86%         3    ###....
 Dazzling Spray           Conj/Hex       #.....       86%         3    ###....
 Static Discharge         Conj/Air       #.......     86%         3    ###....
 Summon Guardian Golem    Hex/Summ       #.......     86%         3    ###....
 Tukima's Dance           Hex            #.......     86%         3    ###....
 Passage of Golubria      Tloc           N/A          86%         4    #####..
 Force Lance              Conj/Tloc      #.......     96%         4    #####..
 Airstrike                Air            #.........   99%         4    #####..
 Fulminant Prism          Conj/Hex       #.........   99%         4    #####..
 Iskenderun's Mystic Bla  Conj           #.......     99%         4    #####..
 Petrify                  Tmut/Erth      #.......     99%         4    #####..
 Summon Ice Beast         Ice/Summ       #.......     99%         4    #####..
 Summon Lightning Spire   Summ/Air       #.......     99%         4    #####..
 Alistair's Intoxication  Tmut/Pois      #.......     100%        5    ######.
 Lightning Bolt           Conj/Air       #.........   100%        5    ######.
 Metabolic Englaciation   Hex/Ice        #.........   100%        5    ######.
 Yara's Violent Unravell  Hex/Tmut       #.........   100%        5    ######.
 Invisibility             Hex            #.......     100%        6    #######


Dungeon Overview and Level Annotations

Branches:
Dungeon (15/15)            Temple (0/1) D:7            Lair (6/6) D:9
 Shoals (4/4) Lair:4        Snake (4/4) Lair:2        Slime (0/5) Lair:5
    Orc (2/2) D:10            Elf (3/3) Orc:2        Vaults (0/5) D:14
 Depths (0/5) D:15

Altars:
Cheibriados
Dithmenos
Fedhas
Gozag
Hepliaklqana
Nemelex Xobeh
Okawaru
Qazlal
Trog
Uskayaw
Vehumet
Xom
Zin
The Shining One

Shops:
D:5 [   D:8 (   D:9 **(   D:11 [   D:13 =   Orc:2 =(*[   Lair:3 =   Snake:1 =}=

Annotations:
D:15 exclusion: Roxanne, Roxanne
Elf:2 3 runed doors


Innate Abilities, Weirdness & Mutations

Your magical capacity is low. (-10% MP)
[You are very clumsy. (Dex -4)]
[You are very dopey. (Int -4)]
[Your spells are easier to cast, but less powerful.]


Message History

The deep elf sorcerer is engulfed in freezing vapours.
The deep elf sorcerer gestures at you while chanting.
The bolt of acid hits you!
* * * LOW HITPOINT WARNING * * *
The acid corrodes you!
You are splashed with acid!
The acid burns!
* * * LOW HITPOINT WARNING * * *
Things that are here:
a leather armour; a short sword [a] - 600 gold - haste, agility, flight and invisibility [b] - 702 gold - resistance, might, agility, heal wounds and curing [c] - 350 gold - haste and agility Purchase which effect?
You feel yourself speed up.
You feel agile all of a sudden.
Some walls begin to move on their own!
The deep elf sorcerer is engulfed in freezing vapours.
The deep elf sorcerer gestures at you while chanting.
The sphere of damnation explodes!
The damnation engulfs you!
You die...
Your body crumbles into a pile of gold.

##.....[....=..#
....)..........#
#.##)(..)....###
.##'##.....######
..)#####......[(#
.(###........##.##
)..##########.#.)#
...# ##.#.# ...#
##.@# ..## ##.##
..# #))# ###
##§.## #§§E§##
##§e§§.# #§§)(§.#
##§#§#.# ###§###


You could see a deep elf sorcerer and an earth elemental.

Vanquished Creatures
  Rupert (D:15)
  A deep elf blademaster (Elf:3)
  A tentacled starspawn (Abyss:3)
  Kirke (Snake:2)
  The ghost of fooot the Fencer, an adept FoAK of Lugonu (Snake:2)
  8 nagarajas
  The ghost of Lumupuel the Severer, an adept DsBe of Uskayaw (Snake:4)
  6 deep elf sorcerers (Elf:3)
  A frost giant (IceCv)
  Louise (D:14)
  4 deep elf elementalists
  An orc warlord (Orc:2)
  A reaper (Abyss:3)
  A stone giant (Shoals:3)
  The ghost of TwoGrow the Earth Mage, a journeyman GrEE of Sif Muna (Lair:6)
  6 deep elf demonologists
  Nessos (D:12)
  4 deep elf annihilators (Elf:3)
  Snorg (D:10)
  4 merfolk javelineers
  3 merfolk impalers
  5 deep elf death magi
  A fire dragon (Lair:6)
  4 deep elf high priests
  Erolcha (D:13)
  A vault guard (D:14)
  6 hydras
  Harold (D:11)
  A rakshasa (D:15)
  A centaur warrior (D:13)
  A catoblepas (Lair:3)
  6 naga warriors
  2 merfolk avatars
  6 merfolk aquamancers
  The ghost of charchar the Fighter, a novice MiFi of Okawaru (Lair:1)
  7 anacondas
  2 two-headed ogres
  8 death yaks (Lair:6)
  A satyr (Shoals:4)
  14 naga sharpshooters
  A thrashing horror (Abyss:3)
  A tengu warrior (D:13)
  3 shock serpents
  A wretched star (Abyss:3)
  6 orc high priests (Orc:2)
  Sonja (D:10)
  13 deep elf knights
  Nergalle (D:11)
  2 salamander mystics (Snake:4)
  2 skeletal warriors (D:15)
  4 unseen horrors
  5 large abominations
  10 sea snakes
  An unseen horror (shapeshifter) (Elf:2)
  A flayed ghost (D:15)
  7 naga ritualists (Snake:4)
  An orange crystal statue (Elf:1)
  3 wizards (D:14)
  10 deep elf archers
  4 lindwurms (Lair:6)
  Pikel (D:6)
  A necromancer (D:15)
  3 orc knights
  4 ugly things
  19 harpies
  6 fauns (Shoals:2)
  6 cyclopes
  12 manticores
  5 mana vipers
  7 orc sorcerers
  54 deep elf magi
  8 salamanders
  2 guardian serpents (Snake:3)
  7 water nymphs
  5 merfolk sirens
  2 centaur zombies
  27 black mambas
  30 naga magi
  3 elephants
  A smoke demon (Abyss:4)
  3 ice statues
  A gargoyle (Abyss:4)
  8 torpor snails (Lair:6)
  19 spiny frogs
  A rime drake (shapeshifter) (D:13)
  An orange demon (Abyss:3)
  A yaktaur (D:14)
  An efreet (Abyss:3)
  A freezing wraith (Abyss:3)
  3 komodo dragons
  2 hellwings (Abyss:3)
  3 kobold demonologists
  7 rime drakes
  A tengu conjurer (D:13)
  2 trolls (D:9)
  17 polar bears
  3 ancient zymes (Abyss:3)
  7 blink frogs
  2 fire dragon zombies (D:15)
  3 tyrant leeches (Lair:6)
  18 merfolk
  9 slime creatures
  A hornet (shapeshifter) (Elf:1)
  8 hornets (Lair:6)
  10 hippogriffs
  3 raiju (Abyss:3)
  Prince Ribbit (D:6)
  5 wind drakes
  9 dream sheep (Lair:6)
  13 snapping turtles
  8 air elementals
  An ice dragon zombie (D:15)
  Sigmund (D:2)
  A spriggan skeleton (D:15)
  A flying skull (Abyss:2)
  A vampire (D:11)
  2 ynoxinuls (Abyss:3)
  A wyvern (D:13)
  A shadow (D:13)
  38 yaks
  18 water elementals
  4 fire elementals
  2 golden eyes (Abyss:3)
  6 hogs (Snake:2)
  20 humans (D:14)
  A neqoxec (Abyss:3)
  4 hungry ghosts
  3 basilisks
  7 vampire mosquitoes
  Edmund (D:4)
  58 nagas
  2 wargs
  2 acid dragons
  A soldier ant (D:10)
  Duvessa (D:6)
  13 water moccasins
  A water moccasin (shapeshifter) (Elf:1)
  18 porcupines
  13 ice beasts
  3 sky beasts (D:12)
  13 ogres
  22 orc warriors
  A slave (D:6)
  3 black bears (D:9)
  6 phantoms
  30 wolves
  A black bear (shapeshifter) (Elf:1)
  2 necrophages
  11 centaurs
  2 elf zombies (Ossuary)
  10 crocodiles
  2 big kobolds
  17 bullfrogs
  A wyvern zombie (D:11)
  An earth elemental (Elf:1)
  Dowan (D:6)
  3 scorpions
  3 small abominations (Abyss:3)
  2 troll zombies (D:10)
  A water moccasin skeleton (D:7)
  16 killer bees
  14 wights
  7 electric eels
  A howler monkey (D:6)
  6 crimson imps
  6 hounds
  8 jellies
  3 bullfrog zombies
  15 orc priests
  An iron imp (Abyss:3)
  15 orc wizards
  2 bullfrog skeletons
  2 centaur skeletons
  A human zombie (Ossuary)
  3 iguanas
  Terence (D:3)
  6 hell rats (Lair:6)
  10 worker ants
  6 ogre zombies (D:10)
  A big kobold zombie (Ossuary)
  3 hound zombies
  A hound skeleton (D:10)
  A worker ant zombie (D:11)
  A howler monkey zombie (D:9)
  4 mummies (Ossuary)
  7 gnolls
  A howler monkey skeleton (D:10)
  13 adders
  7 river rats (Lair:6)
  2 shadow imps
  An ufetubus (Abyss:3)
  5 oozes (D:9)
  4 adder zombies
  5 adder skeletons
  3 worms
  3 dart slugs
  8 leopard geckos
  54 orcs
  3 ball pythons
  3 giant cockroaches
  12 goblins
  7 hobgoblins
  16 jackals
  6 quokkas
  8 bats
  15 frilled lizards
  A goblin skeleton (D:10)
  4 goblin zombies
  A hobgoblin skeleton (D:10)
  2 hobgoblin zombies (D:10)
  13 kobolds
  A leopard gecko zombie (D:6)
  4 orc skeletons (D:10)
  16 orc zombies
  A quokka zombie (D:9)
  14 rats
  12 fungi
  12 plants
  A withered plant (D:15)
1325 creatures vanquished.

Vanquished Creatures (others)
  A deep elf master archer (Elf:3)
  2 merfolk javelineers (Shoals:4)
  A satyr (Shoals:3)
  A centaur warrior (Shoals:3)
  12 dancing weapons
  4 naga sharpshooters (Snake:4)
  A deep elf knight (Elf:2)
  3 deep elf archers
  2 harpies
  A cyclops (Shoals:3)
  A manticore (Shoals:4)
  3 fauns (Shoals:2)
  A black mamba (Snake:4)
  A merfolk (Shoals:4)
  A golden eye (shapeshifter) (Elf:3)
  3 centaurs
  A crimson imp (D:6)
  A worker ant (D:13)
  A bush (Snake:1)
  40 fungi
  A lurking horror (Abyss:3)
  18 plants
  8 starspawn tentacles (Abyss:3)
108 creatures vanquished.

Grand Total: 1433 creatures vanquished

Notes
Turn   | Place    | Note
-------+----------+-------------------------------------------
     0 | D:1      | OJofSteel the Hill Orc Fighter began the quest for the Orb.
     0 | D:1      | Reached XP level 1. HP: 19/19 MP: 1/1
    53 | D:1      | Reached skill level 3 in Axes
   202 | D:1      | Reached XP level 2. HP: 26/26 MP: 2/2
   226 | D:1      | Reached skill level 4 in Axes
   520 | D:1      | Reached XP level 3. HP: 26/31 MP: 3/3
   645 | D:1      | Reached skill level 5 in Axes
  1137 | D:2      | Reached XP level 4. HP: 34/39 MP: 4/4
  1150 | D:2      | Noticed Sigmund
  1160 | D:2      | Killed Sigmund
  1160 | D:2      | Reached skill level 7 in Axes
  1160 | D:2      | Reached XP level 5. HP: 17/45 MP: 5/5
  1166 | D:2      | Reached skill level 8 in Axes
  1167 | D:2      | Reached XP level 6. HP: 18/51 MP: 6/6
  1883 | D:2      | Found an opulent altar of Gozag.
  1917 | D:2      | Became a worshipper of Gozag Ym Sagoz the Greedy
  1946 | D:2      | Found a glowing silver altar of Zin.
  2695 | D:3      | Reached skill level 9 in Axes
  2870 | D:3      | Noticed Terence
  2904 | D:3      | Killed Terence
  3171 | D:3      | Found a hide-covered altar of Uskayaw.
  3569 | D:4      | Found a radiant altar of Vehumet.
  3643 | D:4      | Reached XP level 7. HP: 55/57 MP: 7/7
  3930 | D:4      | Reached skill level 10 in Axes
  4091 | D:4      | Found an iron altar of Okawaru.
  4459 | D:4      | Reached skill level 11 in Axes
  4764 | D:4      | Noticed Edmund
  4790 | D:4      | Killed Edmund
  4790 | D:4      | Reached XP level 8. HP: 51/64 MP: 8/8
  4855 | D:4      | Reached skill level 12 in Axes
  5086 | D:5      | Entered Level 5 of the Dungeon
  5152 | D:5      | Found a bloodstained altar of Trog.
  5266 | D:5      | Found Cilalued's Armour Boutique.
  5269 | D:5      | Bought a +3 chain mail of magic resistance for 265 gold
                  | pieces
  5269 | D:5      | Bought a +1 helmet for 115 gold pieces
  5799 | D:6      | Noticed Prince Ribbit
  6355 | D:6      | Noticed Duvessa
  6355 | D:6      | Noticed Dowan
  6355 | D:6      | Noticed Pikel
  6413 | D:6      | Killed Duvessa
  6413 | D:6      | Reached skill level 13 in Axes
  6422 | D:6      | Killed Pikel
  6422 | D:6      | Reached skill level 14 in Axes
  6422 | D:6      | Reached XP level 9. HP: 64/70 MP: 9/9
  6440 | D:6      | Killed Dowan
  6809 | D:6      | Killed Prince Ribbit
  6993 | D:6      | Found a shadowy altar of Dithmenos.
  7061 | D:6      | Found a blossoming altar of Fedhas.
  7075 | D:6      | Found a sparkling altar of Nemelex Xobeh.
  7349 | D:7      | Reached skill level 15 in Axes
  7453 | D:7      | Found a sand-covered staircase.
  7460 | Ossuary  | Entered an ossuary
  7795 | D:7      | Found a hazy altar of Hepliaklqana.
  8094 | D:7      | Reached skill level 16 in Axes
  8138 | D:7      | Found a snail-covered altar of Cheibriados.
  8227 | D:7      | Found a shadowy altar of Dithmenos.
  8505 | D:7      | Found a staircase to the Ecumenical Temple.
  8646 | D:8      | Reached XP level 10. HP: 77/77 MP: 10/10
  8786 | D:8      | Reached skill level 17 in Axes
  9064 | D:8      | Found Qyub's Weapon Shop.
  9448 | D:9      | Got a bloodstained large shield
  9460 | D:9      | Identified the +6 large shield "Isuu" {rN+ Int+5 Stlth-}
                  | (You found it on level 9 of the Dungeon)
  9750 | D:9      | Bought a glowing war axe for 156 gold pieces
  9836 | D:9      | Found a staircase to the Lair.
  9912 | D:9      | Reached skill level 5 in Fighting
 10215 | D:9      | Found a glowing golden altar of the Shining One.
 10252 | D:9      | Reached skill level 5 in Armour
 10252 | D:9      | Reached skill level 5 in Shields
 10822 | D:10     | Entered Level 10 of the Dungeon
 10838 | D:10     | Noticed Snorg
 10852 | D:10     | Killed Snorg
 10852 | D:10     | Reached XP level 11. HP: 42/91 MP: 11/11
 11150 | D:10     | Found a staircase to the Orcish Mines.
 11150 | D:10     | Noticed an orc sorcerer
 11162 | D:10     | Noticed Sonja
 11170 | D:10     | Killed an orc sorcerer
 11175 | D:10     | Cast into level 2 of the Abyss (Sonja)
 11293 | Abyss:2  | Noticed a starcursed mass
 11337 | D:10     | Escaped the Abyss
 11347 | D:10     | Killed Sonja
 11371 | D:10     | Reached skill level 18 in Axes
 12496 | D:10     | Killed an unseen horror
 12834 | D:11     | Noticed a brown ugly thing
 12847 | D:11     | Killed a brown ugly thing
 13040 | D:11     | Noticed a two-headed ogre
 13051 | D:11     | Killed a two-headed ogre
 13064 | D:11     | Bought a glowing scarf for 264 gold pieces
 13372 | D:11     | Noticed Nergalle
 13383 | D:11     | Killed Nergalle
 13383 | D:11     | Reached XP level 12. HP: 103/103 MP: 12/12
 13437 | D:11     | Noticed Harold
 13444 | D:11     | Killed Harold
 13829 | D:12     | Noticed Nessos
 13856 | D:12     | Killed Nessos
 13872 | D:12     | HP: 5/105 [poisoned by Nessos]
 13877 | D:12     | HP: 4/105 [poisoned by Nessos]
 13882 | D:12     | HP: 3/105 [poisoned by Nessos]
 13889 | D:12     | HP: 3/105 [poisoned by Nessos]
 13897 | D:12     | HP: 3/105 [poisoned by Nessos]
 14815 | D:12     | Reached skill level 10 in Fighting
 15002 | D:13     | Noticed Erolcha
 15010 | D:13     | Found a labyrinth entrance.
 15011 | D:13     | Paralysed by Erolcha for 5 turns
 15021 | D:13     | Killed Erolcha
 15289 | D:13     | Noticed a centaur warrior
 15298 | D:13     | Killed a centaur warrior
 15298 | D:13     | Reached skill level 10 in Armour
 15298 | D:13     | Reached skill level 10 in Shields
 15298 | D:13     | Reached XP level 13. HP: 108/115 MP: 13/13
 15378 | D:13     | Found a stormy altar of Qazlal.
 15676 | D:13     | Bought a +2 amulet of reflection for 90 gold pieces
 15676 | D:13     | Bought the ring of the Locust {+Fly rF+ MP-9 Str+3} for 300
                  | gold pieces
 15938 | D:14     | Noticed Louise
 15954 | D:14     | Killed Louise
 16265 | D:14     | Reached skill level 19 in Axes
 16289 | D:14     | Found a gate to the Vaults.
 16289 | D:14     | Noticed a vault guard
 16294 | D:14     | Killed a vault guard
 16525 | D:15     | Entered Level 15 of the Dungeon
 16534 | D:15     | Noticed a rakshasa
 16541 | D:15     | Killed a rakshasa
 16693 | D:15     | Noticed Roxanne
 16778 | D:15     | Found a staircase to the Depths.
 16989 | D:15     | Reached XP level 14. HP: 122/127 MP: 5/14
 17219 | D:15     | Noticed Rupert
 17228 | D:15     | Killed Rupert
 17865 | Lair:1   | Entered Level 1 of the Lair of Beasts
 18162 | Lair:1   | Found a large runed door.
 18162 | Lair:1   | Found a large runed door.
 18539 | Lair:1   | Noticed charchar's ghost (novice MiFi)
 18556 | Lair:1   | Killed charchar's ghost
 19235 | Lair:2   | Found a staircase to the Snake Pit.
 21385 | Lair:4   | Reached XP level 15. HP: 81/138 MP: 6/15
 21854 | Lair:4   | Found a staircase to the Shoals.
 22754 | Lair:5   | Found a staircase to the Slime Pits.
 22816 | Lair:6   | Entered Level 6 of the Lair of Beasts
 22880 | Lair:6   | Found a runed door.
 22880 | Lair:6   | Found a shimmering altar of Xom.
 22880 | Lair:6   | Noticed TwoGrow's ghost (journeyman GrEE)
 22971 | Lair:6   | Found a frozen archway.
 22997 | IceCv    | Entered an ice cave
 23527 | IceCv    | Noticed a frost giant
 23541 | IceCv    | Killed a frost giant
 24112 | Lair:6   | Reached skill level 20 in Axes
 24446 | Lair:6   | Found a runed door.
 24642 | Lair:6   | Reached skill level 15 in Fighting
 25578 | Lair:6   | Reached XP level 16. HP: 130/149 MP: 7/16
 26247 | Lair:6   | Killed TwoGrow's ghost
 26544 | D:9      | Bought a scroll labeled KAGRUJ YS VEOL for 26 gold pieces
 26554 | D:9      | Bought a scroll labeled XERUOTS CAUFF for 29 gold pieces
 26809 | Orc:1    | Entered Level 1 of the Orcish Mines
 27267 | Orc:2    | Entered Level 2 of the Orcish Mines
 27388 | Orc:2    | Found Kaiwuen's General Store.
 27635 | Orc:2    | Found Celixtoi's Antique Weapon Boutique.
 27653 | Orc:2    | Bought a steaming war axe for 272 gold pieces
 27748 | Orc:2    | Identified the cursed +1 war axe of Diet Blood {vamp, *Rage
                  | +Blink rC+} (You bought it in a shop on level 2 of the
                  | Orcish Mines)
 27845 | Orc:2    | Found Suomilaly's Antique Armour Emporium.
 27925 | Orc:2    | Bought a blackened chain mail for 266 gold pieces
 27925 | Orc:2    | Identified the +12 chain mail of the Thirsty Seas {*Drain
                  | rCorr Int+5 Stlth-} (You bought it in a shop on level 2 of
                  | the Orcish Mines)
 28090 | Orc:2    | Found Abbuzog's Jewellery Boutique.
 28100 | Orc:2    | Found a staircase to the Elven Halls.
 28720 | Shoals:1 | Entered Level 1 of the Shoals
 29969 | Shoals:2 | Reached skill level 1 in Evocations
 30057 | Shoals:2 | Reached skill level 15 in Armour
 30180 | Shoals:2 | Reached skill level 15 in Shields
 31416 | Shoals:3 | Reached XP level 17. HP: 100/160 MP: 9/18
 31929 | Shoals:3 | Got a clouded steel ring
 31933 | Shoals:3 | Identified the ring of the Swan {Wiz rPois rC+ Stlth+} (You
                  | found it on level 3 of the Shoals)
 32351 | Shoals:4 | Entered Level 4 of the Shoals
 33694 | Shoals:4 | Got a barnacled rune of Zot
 33857 | Shoals:4 | Found the +5 pair of quick blades "Gyre" and "Gimble"
                  | {pierce, Dex-3}
 35257 | Snake:1  | Entered Level 1 of the Snake Pit
 35287 | Snake:1  | Reached skill level 21 in Axes
 35726 | Snake:1  | Found Hibo's Jewellery Shoppe.
 35728 | Snake:1  | Found Siaqeisch's Gadget Shop.
 35729 | Snake:1  | Found Metta's Jewellery Shoppe.
 36788 | Snake:2  | Reached XP level 18. HP: 146/170 MP: 12/21
 37150 | Snake:2  | Noticed Kirke
 37172 | Snake:2  | Killed Kirke
 37172 | Snake:2  | Reached skill level 5 in Evocations
 37294 | Snake:2  | Found a runed door.
 37295 | Snake:2  | Noticed fooot's ghost (adept FoAK)
 37296 | Snake:2  | Identified a scroll of acquirement
 37335 | Snake:2  | Killed fooot's ghost
 38259 | Snake:4  | Entered Level 4 of the Snake Pit
 39227 | Snake:4  | Found a runed door.
 39231 | Snake:4  | Noticed Lumupuel's ghost (adept DsBe)
 39242 | Snake:4  | Killed Lumupuel's ghost
 40403 | Snake:4  | Reached XP level 19. HP: 152/181 MP: 14/23
 40688 | Snake:4  | Got a serpentine rune of Zot
 41165 | Elf:1    | Entered Level 1 of the Elven Halls
 41545 | Elf:1    | Reached skill level 1 in Spellcasting
 42848 | Elf:1    | Learned a level 2 spell: Blink
 42857 | Elf:2    | Noticed a Tzitzimitl
 43271 | Elf:2    | Found a runed gate.
 43275 | Elf:2    | Found a runed gate.
 43276 | Elf:2    | Found a runed gate.
 43311 | Elf:2    | Reached skill level 1 in Translocations
 43588 | Elf:3    | Entered Level 3 of the Elven Halls
 44249 | Elf:3    | Reached XP level 20. HP: 108/191 MP: 16/25
 44890 | Elf:3    | HP: 4/191 [deep elf sorcerer/damnation (30)]
 45808 | Elf:3    | Reached skill level 22 in Axes
 45811 | Elf:3    | Cast into level 3 of the Abyss (a deep elf sorcerer)
 45863 | Abyss:3  | Got a warped dagger
 45907 | Abyss:3  | Gained mutation: Your magical capacity is low. (-10% MP) [a
                  | neqoxec]
 46398 | Abyss:3  | Paralysed by accursed screaming for 1 turns
 46400 | Abyss:4  | Found a corrupted altar of Lugonu.
 46493 | Elf:3    | Escaped the Abyss
 46519 | Elf:3    | Killed from afar by a deep elf sorcerer

Vault maps used:
D:1:      ncdulo_smallfort, minmay_pentomino_w2
D:2:      nicolae_overflow_hidden_temple, grunt_gozag_breadcrumbs, uniq_sigmund
D:3:      old_standard_altar, uniq_terence
D:4:      okawaru_altar_gauntlet_db, old_standard_altar, minmay_lizard_king,
          uniq_edmund
D:5:      marbit_many_paths, serial_shops, kennysheep_mini, first_ration
D:6:      lemuel_round_altar, nemelex_xobeh_ov_fountains_minmay, fedhas_altar_3,
          uniq_prince_ribbit1, uniq_duvessa, uniq_pikel
D:7:      kennysheep_six_static_rooms, lemuel_round_altar,
          nicolae_overflow_crystal_walls, temple_green, enter_ossuary_1,
          nicolae_dithmenos_the_darkroom
D:8:      serial_shops, nicolae_shop_competitors_out_of_business,
          minmay_misc_feat_roman
D:9:      nicolae_tso_carved_into_rock, due_lair_maze_entry_diamond,
          hangedman_little_slice_of_home
D:10:     zombieorc2_lemuel, uniq_sonja, uniq_snorg
D:11:     uniq_nergalle, uniq_harold
D:12:     uniq_urug, uniq_nessos
D:13:     lab_entry_generic, grunt_qazlal_clouds, uniq_erolcha
D:14:     grunt_vaults_entry_tiered, kennysheep_generic_room_11, uniq_louise
D:15:     gammafunk_depths_entry_grave, minivault_5, uniq_roxanne, uniq_rupert
Lair:1:   ebering_ghost_disaster_area, beast_lair_carwin_5, grunt_megastairs_2
Lair:2:   minmay_snake_entry_guardpost_large
Lair:3:   serial_bayou, serial_bayou_lagoon_b, serial_bayou_pond_e,
          serial_bayou_lagoon_a, serial_bayou_pond_c, st_stairs_12,
          serial_bayou_pond_c, serial_bayou_pond_c, beast_lair_carwin_10,
          lemuel_fruit_tree
Lair:4:   shoals_dummy_entry, minivault_27, grunt_megastairs_3
Lair:5:   dpeg_slime_entry_corner, lemuel_fruit_fields
Lair:6:   wormcave, hangedman_lair_in_review, portal_ice_cave_entry_ice_beasts,
          ebering_ghost_xom, kennysheep_abandoned_house,
          infiniplex_staircase_pool_2
Shoals:1: dpeg_stationary_puzzle
Shoals:3: hangedman_shoals_cup_caves
Shoals:4: shoals_end_simple
Snake:1:  minmay_shop_grove
Snake:2:  ebering_ghost_inner_flame, grunt_ministairs_11, uniq_kirke
Snake:4:  snake_pit, gammafunk_ghost_grave, grunt_ministairs_9
Orc:2:    grunt_orc_gardens, grunt_orc_garden, grunt_orc_garden,
          grunt_orc_garden, grunt_orc_garden
Elf:1:    minmay_elf_arrival_circle, minivault_28, minivault_15,
          grunt_ministairs_14, st_stairs_1, serial_sigils_hangedman_writhe
Elf:3:    minmay_elf_hall_hex
Abyss:3:  evilmike_abyss_exit_11, due_exit_kobolds, doesnt_abyss_rune_brain_food
Abyss:4:  grunt_abyss_rune_wretched_hive
Ossuary:  ossuary_minmay_tomb_2a
IceCv:    ice_cave_small_giant

Skill      XL: |  1  2  3  4  5  6  7  8  9 10 11 12 13 14 15 16 17 18 19 20 |
---------------+-------------------------------------------------------------+-----
Axes           | 3 4 5 7 8 9 11 14 16 17 18 19 20 21 22 | 22.0
Fighting       | 6 8 10 12 14 15 16 17 18 19 | 19.7
Armour         | 5 7 10 11 13 14 15 16 17 18 | 18.3
Shields        | 5 8 10 11 13 14 15 16 17 18 | 18.3
Evocations     | 2 4 6 7 8 |  8.0
Spellcasting   | 3 4 |  4.6
Translocations | 2 |  2.9

Action                   |  1- 3 |  4- 6 |  7- 9 | 10-12 | 13-15 | 16-18 | 19-21 || total
-------------------------+-------+-------+-------+-------+-------+-------+-------++-------
Melee: War axe           |   116 |   170 |   490 |   678 |   992 |   197 |       ||  2643
       Broad axe         |       |       |       |       |       |  1238 |   784 ||  2022
Throw: Javelin           |       |       |       |     3 |       |       |       ||     3
Invok: Call Merchant     |       |       |       |     2 |     2 |     2 |       ||     6
       Potion Petition   |       |       |       |       |       |       |     4 ||     4
 Abil: Evoke Flight      |       |       |       |       |       |       |     1 ||     1
Evoke: Wand              |       |       |       |       |    21 |     9 |       ||    30
  Use: Potion            |       |     1 |     3 |     8 |     3 |    13 |     8 ||    36
       Scroll            |       |       |    10 |    11 |     5 |    20 |     8 ||    54
 Stab: Distracted        |       |       |       |     3 |     4 |    12 |     6 ||    25
       Paralysed         |       |       |       |       |    10 |       |       ||    10
  Eat: Chunk             |       |     3 |       |       |       |       |       ||     3
       Ration            |       |     2 |     4 |     7 |    10 |    15 |     5 ||    43
Armor: Scale mail        |    42 |    60 |    58 |       |       |       |       ||   160
       Chain mail        |       |       |   148 |   213 |   330 |   338 |   161 ||  1190
Dodge: Dodged            |    33 |    42 |    98 |    56 |    93 |   141 |    89 ||   552
       Deflected         |       |       |       |       |       |    49 |    19 ||    68
Block: Shield            |    56 |    53 |   180 |    35 |       |       |       ||   324
       Large shield      |       |       |       |   569 |  1034 |  1740 |   881 ||  4224
       Reflection        |       |       |       |       |    10 |   231 |    86 ||   327

Table legend:
 A = Non-vault XP
 B = Vault XP
 C = Vault XP percentage of total XP
 D = Non-vault monster count
 E = Vault monster count
 F = Vault count percentage of total count
                 A         B        C        D         E       F
            +---------+---------+-------+---------+---------+-------
      Total |  244068 |  196355 |  44.6 |     884 |     453 |  33.9
            +---------+---------+-------+---------+---------+-------
        D:1 |      59 |       4 |   6.3 |      26 |       2 |   7.1
        D:2 |     153 |     231 |  60.2 |      32 |       1 |   3.0
        D:3 |     166 |      36 |  17.8 |      26 |       1 |   3.7
        D:4 |     587 |     253 |  30.1 |      24 |      15 |  38.5
        D:5 |      48 |       0 |   0.0 |       3 |       0 |   0.0
        D:6 |     416 |    1127 |  73.0 |       9 |       4 |  30.8
        D:7 |     829 |     252 |  23.3 |      25 |       3 |  10.7
        D:8 |     754 |       0 |   0.0 |      18 |       0 |   0.0
        D:9 |    2298 |    1487 |  39.3 |      37 |      18 |  32.7
       D:10 |    2132 |    3165 |  59.8 |      30 |      38 |  55.9
       D:11 |    3754 |    1784 |  32.2 |      33 |       2 |   5.7
       D:12 |    5416 |    1260 |  18.9 |      35 |       1 |   2.8
       D:13 |    7044 |    1033 |  12.8 |      34 |       1 |   2.9
       D:14 |    2465 |    9203 |  78.9 |      12 |      27 |  69.2
       D:15 |    8200 |    6856 |  45.5 |      24 |       9 |  27.3
     Lair:1 |    3270 |    1722 |  34.5 |      16 |       8 |  33.3
     Lair:2 |    6465 |     655 |   9.2 |      27 |       4 |  12.9
     Lair:3 |    7806 |    3839 |  33.0 |      34 |      11 |  24.4
     Lair:4 |    3241 |     105 |   3.1 |      16 |       1 |   5.9
     Lair:5 |    3111 |       0 |   0.0 |      13 |       0 |   0.0
     Lair:6 |   11890 |   21330 |  64.2 |      29 |      71 |  71.0
   Shoals:1 |    7180 |     475 |   6.2 |      19 |       1 |   5.0
   Shoals:2 |    8816 |       0 |   0.0 |      20 |       0 |   0.0
   Shoals:3 |   16570 |    9763 |  37.1 |      34 |      16 |  32.0
   Shoals:4 |   12969 |   17929 |  58.0 |      25 |      30 |  54.5
    Snake:1 |   15373 |       0 |   0.0 |      35 |       0 |   0.0
    Snake:2 |    8069 |    6473 |  44.5 |      15 |      11 |  42.3
    Snake:3 |   14979 |       0 |   0.0 |      34 |       0 |   0.0
    Snake:4 |   18449 |   34584 |  65.2 |      40 |      47 |  54.0
      Orc:1 |    2618 |     601 |  18.7 |      23 |       1 |   4.2
      Orc:2 |    1324 |   11813 |  89.9 |      11 |      26 |  70.3
      Elf:1 |   13817 |   10712 |  43.7 |      23 |      21 |  47.7
      Elf:2 |   20252 |    2712 |  11.8 |      33 |       3 |   8.3
      Elf:3 |   20277 |   36086 |  64.0 |      36 |      25 |  41.0
    Abyss:2 |     217 |       0 |   0.0 |       1 |       0 |   0.0
    Abyss:3 |   11754 |       0 |   0.0 |      28 |       0 |   0.0
    Abyss:4 |    1300 |     829 |  38.9 |       4 |       3 |  42.9
    Ossuary |       0 |     391 | 100.0 |       0 |      16 | 100.0
      IceCv |       0 |    9645 | 100.0 |       0 |      36 | 100.0
            +---------+---------+-------+---------+---------+-------
